 Dungeon Crawl Stone Soup version 0.31-a0-618-g7ca08c1ff9 (webtiles) character file.

Game seed: 10503347970894470280

275 Maratek the Shield-Bearer (level 6, -3/53 HPs)
             Began as a Gnoll Fighter on Aug 22, 2023.
             Slain by an ogre
             ... wielding a +0 giant spiked club
              (28 damage)
             ... on level 4 of the Dungeon.
             The game lasted 00:03:53 (2464 turns).

Maratek the Shield-Bearer (Gnoll Fighter)           Turns: 2464, Time: 00:03:53

Health: -3/53      AC: 10    Str: 18    XL:     6   Next: 25%
Magic:  8/8        EV: 10    Int:  7    God:
Gold:   102        SH:  5    Dex: 11    Spells: 8/8 levels left

rFire   . . .        a - +0 war axe
rCold   . . .        c - +0 buckler
rNeg    . . .        b - +0 scale mail
rPois   .            (no helmet)
rElec   .            n - +1 cloak
rCorr   .            (no gloves)
SInv    .            (no boots)
Will    .....        (no amulet) Stlth
                     e - ring of wizardry
HPRegen 0.28/turn    (no ring)
MPRegen 0.11/turn

%: wizardry (x1)
@: no status effects
A: fangs 1, strong nose, distributed training
a: no special abilities


You were on level 4 of the Dungeon.
You visited 1 branch of the dungeon, and saw 4 of its levels.

You collected 102 gold pieces.

Inventory:

Hand Weapons
 a - a +0 war axe (weapon)
Armour
 b - a +0 scale mail (worn)
 c - a +0 buckler (worn)
 n - a +1 cloak (worn)
Jewellery
 e - a ring of wizardry (left hand)
Wands
 l - a wand of charming (8)
Scrolls
 f - 2 scrolls of amnesia {unknown}
 h - a scroll of vulnerability
 i - a scroll of enchant armour
 q - a scroll of silence {unknown}
 t - a scroll of revelation {unknown}
 u - a scroll of brand weapon {unknown}
Potions
 d - a potion of might
 g - a potion of degeneration {unknown}
 j - a potion of mutation {unknown}
 m - 2 potions of invisibility {unknown}
 p - 2 potions of curing {unknown}
 r - a potion of haste {unknown}
 s - a potion of heal wounds {unknown}


   Skills:
 + Level 6.8 Fighting
 + Level 1.9 Short Blades
 + Level 1.9 Long Blades
 + Level 5.0 Axes
 + Level 1.9 Maces & Flails
 + Level 1.9 Polearms
 + Level 1.9 Staves
 + Level 1.9 Ranged Weapons
 + Level 1.9 Throwing
 + Level 6.8 Armour
 + Level 1.9 Dodging
 + Level 1.9 Stealth
 + Level 6.8 Shields
 + Level 1.9 Unarmed Combat
 + Level 1.9 Spellcasting
 + Level 1.5 Conjurations
 + Level 1.5 Hexes
 + Level 1.5 Summonings
 + Level 1.5 Necromancy
 + Level 1.5 Translocations
 + Level 1.5 Transmutations
 + Level 1.5 Fire Magic
 + Level 1.5 Ice Magic
 + Level 1.5 Air Magic
 + Level 1.5 Earth Magic
 + Level 1.5 Poison Magic
 + Level 2.1 Invocations
 + Level 1.9 Evocations
 + Level 1.7 Shapeshifting


You had 8 spell levels left.
You didn't know any spells.
Your spell library was empty.

Dungeon Overview and Level Annotations

Branches:
Dungeon (4/15)
 Temple: D:4-7

Altars:
Trog


Innate Abilities, Weirdness & Mutations

You have very sharp teeth.
Your uncanny sense of smell can sniff out nearby items.
Your experience applies equally to all skills.


Message History

The hound barely misses you. The hound bites you but does no damage.
You have reached level 6!
You slash the hound! You bite the hound.
The hound is severely wounded.
You hit the adder. The hound barely misses you. The adder bites you.
You are poisoned.
The adder poisons you! The hound completely misses you.
You slash the hound!
You kill the hound!
You closely miss the adder.
You feel sick.
The adder bites you but does no damage. x2
Your Axes skill increases to level 5!
You closely miss the adder.
The adder is lightly wounded.
You feel sick. The adder closely misses you. x2
You slash the adder!
The adder is almost dead.
You feel sick. The adder bites you but does no damage.
You barely miss the adder.
The adder is almost dead.
You slash the ogre!
You feel sick.
You are no longer poisoned.
The adder barely misses you. The ogre closely misses you.
You block the adder's attack.
You miss the adder.
The adder is almost dead.
You hit the ogre but do no damage. You block the adder's attack.
A goblin comes into view. It is wielding a +0 dagger.
The ogre hits you with a +0 giant spiked club!
You block the adder's attack.
You are too injured to fight recklessly!
You are too injured to fight recklessly!
You are too injured to fight recklessly!
Unknown command.
You slash the adder!
You kill the adder!
You closely miss the ogre.
The ogre hits you with a +0 giant spiked club!!
Ouch! That really hurt!
You die...

.. ∆ .#
######.###
#.....g..#
+........#
#........#
#..†O....#
#..@<....#
##..........
#..#########
.... ......
.[..... ∆
#...#..
#######


You could see an ogre and a goblin.

Vanquished Creatures
  A scorpion (D:3)
  A jelly (D:4)
  A hound (D:4)
  Jessica (D:3)
  An iguana (D:3)
  Terence (D:3)
  2 adders
  3 dart slugs
  A worm (D:3)
  An orc (D:3)
  9 ball pythons
  4 endoplasms
  A giant cockroach (D:1)
  9 goblins
  7 hobgoblins
  4 jackals (D:3)
  3 quokkas
  3 bats (D:1)
  2 frilled lizards
  5 kobolds
  6 rats
66 creatures vanquished.

Notes
Turn   | Place    | Note
-------+----------+-------------------------------------------
     0 | D:1      | Maratek the Gnoll Fighter began the quest for the Orb.
     0 | D:1      | Reached XP level 1. HP: 23/23 MP: 1/1
    42 | D:1      | Reached XP level 2. HP: 25/29 MP: 2/2
   493 | D:1      | Reached XP level 3. HP: 35/35 MP: 3/3
   956 | D:1      | Reached skill level 1 in Invocations
  1243 | D:2      | Reached skill level 1 in Short Blades
  1243 | D:2      | Reached skill level 1 in Long Blades
  1243 | D:2      | Reached skill level 1 in Maces & Flails
  1243 | D:2      | Reached skill level 1 in Polearms
  1243 | D:2      | Reached skill level 1 in Staves
  1243 | D:2      | Reached skill level 1 in Ranged Weapons
  1243 | D:2      | Reached skill level 1 in Throwing
  1243 | D:2      | Reached skill level 1 in Dodging
  1243 | D:2      | Reached skill level 1 in Stealth
  1243 | D:2      | Reached skill level 1 in Unarmed Combat
  1243 | D:2      | Reached skill level 1 in Spellcasting
  1243 | D:2      | Reached skill level 1 in Evocations
  1460 | D:2      | Found a bloodstained altar of Trog.
  1541 | D:2      | Reached XP level 4. HP: 41/41 MP: 5/5
  1764 | D:2      | Reached skill level 1 in Shapeshifting
  1856 | D:3      | Noticed a scorpion
  1861 | D:3      | Killed a scorpion
  1862 | D:3      | Reached skill level 1 in Conjurations
  1862 | D:3      | Reached skill level 1 in Hexes
  1862 | D:3      | Reached skill level 1 in Summonings
  1862 | D:3      | Reached skill level 1 in Necromancy
  1862 | D:3      | Reached skill level 1 in Translocations
  1862 | D:3      | Reached skill level 1 in Transmutations
  1862 | D:3      | Reached skill level 1 in Fire Magic
  1862 | D:3      | Reached skill level 1 in Ice Magic
  1862 | D:3      | Reached skill level 1 in Air Magic
  1862 | D:3      | Reached skill level 1 in Earth Magic
  1862 | D:3      | Reached skill level 1 in Poison Magic
  1862 | D:3      | Reached XP level 5. HP: 47/47 MP: 5/7
  1945 | D:3      | Noticed Terence
  1956 | D:3      | Killed Terence
  1981 | D:3      | Noticed Jessica
  1987 | D:3      | Killed Jessica
  2456 | D:4      | Noticed an ogre
  2458 | D:4      | Reached XP level 6. HP: 44/53 MP: 8/8
  2460 | D:4      | Reached skill level 5 in Axes
  2464 | D:4      | Slain by an ogre

Illustrated notes

Levels and vault maps discovered:
D:1:      dpeg_arrival_subterranean_lakeside_camping, layout_basic, st_stairs_1,
          ebering_dispersal_statue_hall, roderic_lattice_a,
          serial_bayou_crossing
D:2:      layout_loops_ring, basic_altar, chequers_serial_rivers_room_b
D:3:      layout_rooms, minmay_misc_feat_diagonals, minivault_23, uniq_terence,
          uniq_jessica
D:4:      layout_gridville, kiku_gazebo_garden_becter, gup_sewer_entry_spiral,
          hangedman_decor_clover_reticule

Skill      XL: |  1  2  3  4  5  6 |
---------------+-------------------+-----
Invocations    | 1 2 |  2.1
Short Blades   | 1 |  1.9
Long Blades    | 1 |  1.9
Maces & Flails | 1 |  1.9
Polearms       | 1 |  1.9
Staves         | 1 |  1.9
Ranged Weapons | 1 |  1.9
Throwing       | 1 |  1.9
Dodging        | 1 |  1.9
Stealth        | 1 |  1.9
Unarmed Combat | 1 |  1.9
Spellcasting   | 1 |  1.9
Evocations     | 1 |  1.9
Shapeshifting  | 1 |  1.7
Conjurations   | 1 |  1.5
Hexes          | 1 |  1.5
Summonings     | 1 |  1.5
Necromancy     | 1 |  1.5
Translocations | 1 |  1.5
Transmutations | 1 |  1.5
Fire Magic     | 1 |  1.5
Ice Magic      | 1 |  1.5
Air Magic      | 1 |  1.5
Earth Magic    | 1 |  1.5
Poison Magic   | 1 |  1.5
Axes           | 5 |  5.0
Fighting       | |  6.8
Armour         | |  6.8
Shields        | |  6.8

Action                     |  1- 3 |  4- 6 || total
---------------------------+-------+-------++-------
  Melee: War axe           |    87 |    80 ||   167
         Bite              |     4 |     5 ||     9
    Use: Scroll            |       |     5 ||     5
 Armour: Scale mail        |    39 |    50 ||    89
  Dodge: Dodged            |    34 |    38 ||    72
  Block: Buckler           |    27 |    19 ||    46

Table legend: (Time is in decaauts)
 A = Elapsed time spent in this place.
 B = Non-inter-level travel time spent in this place.
 C = Inter-level travel time spent in this place.
 D = Time resting spent in this place.
 E = Time spent auto-exploring this place.
 F = Levels seen in this place.
 G = Mean time per level.
                   A        B        C        D        E       F      G
               +--------+--------+--------+--------+--------+-----+--------+
         Total |   2524 |   2498 |     26 |      0 |   2061 |   4 |  631.0 |
       Dungeon |   2524 |   2498 |     26 |      0 |   2061 |   4 |  631.0 |
               +--------+--------+--------+--------+--------+-----+--------+

Top non-repeatable levels by time:
     D:1: 1180 daAuts
     D:2: 666 daAuts
     D:3: 663 daAuts
     D:4: 14 daAuts
